 Dungeon Crawl Stone Soup version 0.22.1-2-g9c5b331 (webtiles) character file.

352 BryzzWind the Ruffian (level 6, -10/47 HPs)
             Began as a Draconian Transmuter on Nov 14, 2018.
             Was a Follower of Makhleb.
             Mangled by an iguana (11 damage)
             ... on level 4 of the Dungeon.
             The game lasted 00:07:08 (3852 turns).

BryzzWind the Ruffian (Draconian Transmuter)        Turns: 3852, Time: 00:07:09

Health: -10/47     AC:  9    Str: 15    XL:     6   Next: 34%
Magic:  9/9        EV: 12    Int: 13    God:    Makhleb [*.....]
Gold:   296        SH:  0    Dex: 11    Spells: 3/9 levels left

rFire    . . .     SeeInvis .     - Unarmed
rCold    . . .     Gourm    .   (no shield)
rNeg     . . .     Faith    .   (armour unavailable)
rPois    .         Spirit   .   (helmet restricted)
rElec    .         Reflect  .   (no cloak)
rCorr    .         Harm     .   n - +0 pair of gloves
MR       .....                  q - +1 pair of boots
Stlth    +.........             (no amulet)
HPRegen  0.15/turn              (no ring)
MPRegen  0.11/turn              (no ring)

@: appendage (expiring)
A: unfitting armour, horns 2, cold-blooded, AC +6
a: End Transformation, Renounce Religion


You were on level 4 of the Dungeon.
You worshipped Makhleb.
Makhleb was aware of your devotion.
You were hungry.
You had grown temporary horns.
You visited 1 branch of the dungeon, and saw 4 of its levels.

You collected 296 gold pieces.

Inventory:

Hand Weapons
 l - a +0 glaive
Missiles
 a - 90 arrows
 d - 172 stones
 e - 40 bolts
 i - 2 tomahawks of returning
 r - 4 tomahawks (quivered)
Armour
 n - a +0 pair of gloves (worn)
 q - a +1 pair of boots (worn)
Jewellery
 o - a cursed ring of protection from magic {unknown}
 v - an uncursed ring of flight {unknown}
Scrolls
 b - 4 scrolls of teleportation {unknown}
 f - 3 scrolls of fog {unknown}
 h - a scroll of amnesia {unknown}
 j - a scroll of enchant weapon {unknown}
 k - a scroll of enchant armour {unknown}
 p - 6 scrolls of remove curse {unknown}
Potions
 g - 3 potions of curing {unknown}
 m - 2 potions of lignification {unknown}
 s - a potion of berserk rage {unknown}
 t - a potion of haste {unknown}
 u - 2 potions of heal wounds {unknown}
Comestibles
 c - 7 rations


   Skills:
 - Level 1.1 Fighting
 - Level 1.7 Dodging
 * Level 6.4 Unarmed Combat
 - Level 2.0 Spellcasting
 + Level 3.8 Transmutations


You had 3 spell levels left.
You knew the following spells:

 Your Spells              Type           Power        Failure   Level  Hunger
a - Beastly Appendage     Tmut           ##....       5%          1    ##.....
b - Spider Form           Tmut/Pois      #.........   34%         3    ####...
c - Sticks to Snakes      Tmut           ##......     9%          2    ###....

Your spell library contained the following spells:

 Spells                   Type           Power        Failure   Level  Hunger
 Ice Form                 Ice/Tmut       #.......     75%         4    #####..
 Blade Hands              Tmut           ##........   83%         5    ######.


Dungeon Overview and Level Annotations

Branches:
Dungeon (4/15)
 Temple: D:4-7

Altars:
Cheibriados
Makhleb
Ru
Vehumet
Yredelemnul
Zin


Innate Abilities, Weirdness & Mutations

Your plain brown scales are hard. (AC +6)
You cannot fit into any form of body armour.
You are cold-blooded and may be slowed by cold attacks.
You have a pair of horns on your head.


Message History

The iguana bites you!
* * * LOW HITPOINT WARNING * * *
You miss the phantom.
The phantom is moderately damaged.
Your transformation is almost over.
The phantom hits you but does no damage.
The iguana barely misses you.
You punch the phantom!
The phantom is heavily damaged.
The phantom closely misses you. The iguana bites you!
* * * LOW HITPOINT WARNING * * *
The phantom blinks!
The iguana barely misses you. The phantom hits you.
* * * LOW HITPOINT WARNING * * *
Your magical contamination has completely faded away.
You completely miss the phantom.
The phantom is heavily damaged.
The phantom hits you but does no damage.
The iguana bites you!
You die...

##.##+##.)..#.....#
##.##..#....######## ..
.......#...........# ...
.[.....#...........# #.#
###+####...........# #.#
...................# ..#
........####.......###+.#
........#..'.....l.#....#
........#..#...W@l.s††..#
........#..#.......#.....!..8
........##+#.......#....##...
#######....†##########..# .
#<....# ..# #.....# ....
#.....# #.##. #.....# .#
#######


You could see a phantom, 2 iguanas and a giant cockroach.

Vanquished Creatures
  2 centaur skeletons (D:4)
  An orc priest (D:4)
  An orc wizard (D:4)
  A bullfrog skeleton (D:4)
  A worker ant (D:4)
  3 gnolls (D:4)
  5 adders
  4 worms
  2 dart slugs
  3 leopard geckos
  6 orcs
  8 bats
  4 giant cockroaches
  8 hobgoblins
  16 jackals
  A quokka (D:3)
  A ball python (D:1)
  10 frilled lizards
  6 goblins
  5 kobolds
  A quokka skeleton (D:4)
  8 rats
97 creatures vanquished.

Notes
Turn   | Place    | Note
-------+----------+-------------------------------------------
     0 | D:1      | BryzzWind the Draconian Transmuter began the quest for the
                  | Orb.
     0 | D:1      | Reached XP level 1. HP: 16/16 MP: 3/3
   285 | D:1      | Reached XP level 2. HP: 7/23 MP: 5/5
   586 | D:1      | Reached skill level 4 in Unarmed Combat
   627 | D:1      | Reached XP level 3. HP: 28/28 MP: 6/6
   769 | D:1      | Learned a level 3 spell: Spider Form
   772 | D:1      | Learned a level 2 spell: Sticks to Snakes
   829 | D:1      | Found a burning altar of Makhleb.
   876 | D:1      | Became a worshipper of Makhleb the Destroyer
  1037 | D:2      | Found a glowing silver altar of Zin.
  1037 | D:2      | Found a sacrificial altar of Ru.
  1042 | D:2      | Found a radiant altar of Vehumet.
  1044 | D:2      | Found a snail-covered altar of Cheibriados.
  1046 | D:2      | Found a basalt altar of Yredelemnul.
  1166 | D:2      | Found a faded altar of an unknown god.
  1303 | D:2      | Reached XP level 4. HP: 33/35 MP: 5/7
  2285 | D:3      | Reached skill level 5 in Unarmed Combat
  2804 | D:3      | Found a basalt altar of Yredelemnul.
  3003 | D:4      | Reached XP level 5. HP: 40/40 MP: 6/8
  3028 | D:4      | Reached * piety under Makhleb
  3290 | D:4      | Reached skill level 6 in Unarmed Combat
  3337 | D:4      | Reached XP level 6. HP: 33/47 MP: 7/9
  3849 | D:4      | HP: 2/47 [iguana (10)]
  3852 | D:4      | Mangled by an iguana

Skill      XL: |  1  2  3  4  5 |
---------------+----------------+-----
Unarmed Combat | 4 5 6 |  6.4
Transmutations | 3 |  3.8
Fighting       | |  1.1
Dodging        | |  1.7
Spellcasting   | |  2.0

Action                   |  1- 3 |  4- 6 || total
-------------------------+-------+-------++-------
Melee: Unarmed           |   147 |   190 ||   337
       Tailslap          |    13 |    19 ||    32
       Headbutt          |     6 |    16 ||    22
       Kick              |     8 |     1 ||     9
       Punch             |     4 |     1 ||     5
 Cast: Beastly Appendage |    15 |    26 ||    41
       Spider Form       |       |     1 ||     1
       Sticks to Snakes  |       |     1 ||     1
  Eat: Chunk             |     2 |     8 ||    10
Armor: Skin              |    41 |    68 ||   109
Dodge: Dodged            |   102 |   109 ||   211
